 Dungeon Crawl Stone Soup version 0.22-a0-512-g0943f25 (webtiles) character file.

17523 Gildeon the Cleaver (level 12, -19/106 HPs)
             Began as a Minotaur Fighter on June 17, 2018.
             Was the Champion of Okawaru.
             Demolished by a wolf spider simulacrum (30 damage)
             ... on level 2 of the Lair of Beasts on June 18, 2018.
             The game lasted 00:59:03 (11803 turns).

Gildeon the Cleaver (Minotaur Fighter)             Turns: 11803, Time: 00:59:04

Health: -19/106    AC: 21    Str: 23    XL:     12   Next: 19%
Magic:  0/13       EV: 11    Int:  5    God:    Okawaru [******]
Gold:   783        SH:  0    Dex: 13    Spells: 0/13 levels left

rFire    . . .     SeeInvis .   s - +0 battleaxe
rCold    . . .     Gourm    .   (shield currently unavailable)
rNeg     + + .     Faith    .   n - +2 plate armour
rPois    .         Spirit   +   (helmet restricted)
rElec    .         Reflect  .   r - +2 cloak {+Inv}
rCorr    .         Harm     .   (no gloves)
MR       .....                  (no boots)
Stlth    ..........             u - amulet of guardian spirit
HPRegen  0.27/turn              C - ring of positive energy
MPRegen  0.13/turn              p - ring of positive energy

@: no status effects
A: retaliatory headbutt, horns 2, molten scales 1, subdued magic 1
a: Heroism, Finesse, Renounce Religion, Evoke Invisibility


You were on level 2 of the Lair of Beasts.
You worshipped Okawaru.
Okawaru was exalted by your worship.
You were not hungry.

You visited 2 branches of the dungeon, and saw 12 of its levels.

You collected 783 gold pieces.

Inventory:

Hand Weapons
 a - a +5 war axe
 s - a +0 battleaxe (weapon)
 w - a +3 hand axe of flaming
Armour
 n - a +2 plate armour (worn)
 r - a +2 cloak of invisibility (worn)
Jewellery
 k - a +1 ring of protection
 p - a ring of positive energy (right hand)
 u - an amulet of guardian spirit (around neck)
 C - a ring of positive energy (left hand)
Wands
 c - a wand of disintegration (25)
 g - a wand of iceblast (6)
 h - a wand of digging (12)
 i - a wand of acid (7)
 y - a wand of random effects (41)
 B - a wand of paralysis (12)
Scrolls
 j - a scroll of fear
 m - 6 scrolls of remove curse
 o - 2 scrolls of blinking
 q - 2 scrolls of teleportation
 x - a scroll of amnesia
 z - a scroll of fog
 A - 2 scrolls of identify
Potions
 b - a potion of lignification
 d - 2 potions of flight
 e - a potion of cancellation
 l - 6 potions of curing
 t - a potion of haste
 v - 2 potions of resistance
Comestibles
 f - 23 rations


   Skills:
 - Level 10.0 Fighting
 * Level 14.9 Axes
 - Level 10.0 Armour
 + Level 9.2 Dodging
   Level 3.6 Shields
 + Level 1.3 Spellcasting
 + Level 1.0 Hexes
 + Level 1.1 Charms
 - Level 1.0 Necromancy
 - Level 2.0 Translocations
 - Level 1.0 Ice Magic
 + Level 3.0 Invocations
 + Level 2.3 Evocations


You couldn't memorise any spells.
You knew the following spells:

 Your Spells              Type           Power        Failure   Level  Hunger
a - Confusing Touch       Hex            #.....       98%         1    ##.....
b - Apportation           Tloc           #.....       92%         1    ##.....
c - Shroud of Golubria    Chrm/Tloc      #.........   99%         2    ###....
d - Ozocubu's Armour      Chrm/Ice       #.......     100%        3    ####...
e - Regeneration          Chrm/Necr      #.........   100%        3    ####...
f - Lesser Beckoning      Tloc           #.........   100%        3    ####...

Your spell library contained the following spells:

 Spells                   Type           Power        Failure   Level  Hunger
 Throw Frost              Conj/Ice       #.....       100%        2    ###....
 Summon Small Mammal      Summ           #...         99%         1    ##.....
 Animate Dead             Necr           N/A          100%        4    #####..
 Pain                     Necr           #...         98%         1    ##.....
 Animate Skeleton         Necr           N/A          98%         1    ##.....
 Vampiric Draining        Necr           #.........   100%        3    ####...
 Freeze                   Ice            #...         98%         1    ##.....
 Summon Ice Beast         Ice/Summ       #.......     100%        4    #####..
 Ice Form                 Ice/Tmut       #.......     100%        4    #####..
 Throw Icicle             Conj/Ice       #.......     100%        4    #####..


Dungeon Overview and Level Annotations

Branches:
Dungeon (10/15)            Temple (0/1) D:4            Lair (2/6) D:10
  Swamp: Lair:2-4    Shoals: Lair:2-4     Snake: Lair:2-4    Spider: Lair:2-4
    Orc: D:9-12

Altars:
Ashenzari
Cheibriados
Fedhas
Nemelex Xobeh
Okawaru
Trog
Uskayaw
Vehumet
Wu Jian
Xom
Yredelemnul
Zin

Shops:
D:4 %   D:10 }

Annotations:
Lair:2 1 transporter


Innate Abilities, Weirdness & Mutations

You reflexively headbutt those who attack you in melee.
You have a pair of horns on your head.
You are partially covered in molten scales. (AC +2)
Your spells are a little easier to cast, but a little less powerful.


Message History

Your Necromancy skill increases to level 1!
The anaconda simulacrum constricts you but does no damage.
The anaconda simulacrum bites you. The anaconda simulacrum freezes you!!
The wolf spider simulacrum hits you but does no damage.
The wolf spider simulacrum barely misses you.
You closely miss the anaconda simulacrum.
The anaconda simulacrum is moderately damaged.
You slice the wolf spider simulacrum!!
You closely miss the anaconda simulacrum.
The anaconda simulacrum constricts you but does no damage.
The anaconda simulacrum barely misses you.
The anaconda simulacrum constricts you but does no damage.
The anaconda simulacrum bites you but does no damage.
The wolf spider simulacrum hits you!
The wolf spider simulacrum freezes you!!
* * * LOW HITPOINT WARNING * * *
The wolf spider simulacrum bites you!
* * * LOW HITPOINT WARNING * * *
The wolf spider simulacrum freezes you!!
You die...

...................(.............
.................................
...###........†..................
.................#######.........
..........########§§§.§#.........
.........>#§§§§§§#§§§§§#.........
..........#§§§§§§#§§§§§#.........
......#...#§§#.#.ZZ§§[$#.........
.........©#§.©..@ZZ.§)©#©........
..#.P.....#§§#.#.Z§§§[?#.........
..........#§§§§§§#§§§§§#.........
..........#§§§§§§#§§§§§#.........
..........########§..§§#.........
.................#######.........
.................................
.................................
.#.....................######..#.


You could see a komodo dragon simulacrum, 2 anaconda simulacra and 2 wolf spider
simulacra.

Vanquished Creatures
  3 hydras
  Erolcha (D:10)
  Erica (D:8)
  3 two-headed ogres (D:8)
  Pikel (D:6)
  Maurice (D:8)
  Joseph (D:8)
  A komodo dragon (Lair:2)
  An anaconda simulacrum (Lair:2)
  Grinder (D:3)
  2 trolls (D:9)
  A hornet (D:10)
  7 blink frogs
  2 dream sheep (D:8)
  5 hippogriffs
  A shadow (D:6)
  A vampire (D:8)
  9 yaks
  A basilisk (Lair:2)
  2 steam dragons
  5 water moccasins
  2 porcupines (Lair:1)
  3 phantoms
  An ice beast (D:8)
  2 sky beasts
  2 ogres
  6 orc warriors
  A black bear (D:7)
  A slave (D:6)
  4 centaurs
  5 crocodiles
  4 big kobolds
  5 bullfrogs
  3 scorpions
  2 howler monkeys (D:9)
  A wight (D:8)
  6 crimson imps
  4 hounds
  A centaur zombie (D:7)
  7 orc priests
  A jelly (D:8)
  Crazy Yiuf (D:6)
  3 bullfrog skeletons
  12 orc wizards
  A water moccasin simulacrum (Lair:2)
  Terence (D:3)
  3 iguanas
  2 worker ants
  2 hound skeletons
  16 adders
  A gnoll (D:2)
  An adder zombie (D:6)
  3 dart slugs
  5 leopard geckos
  27 orcs
  7 bats
  14 giant cockroaches
  6 goblins
  9 hobgoblins
  15 jackals
  28 kobolds
  A quokka (D:5)
  9 ball pythons
  7 frilled lizards
  A jackal skeleton (D:8)
  A quokka skeleton (D:5)
  2 rats (D:3)
  18 plants
307 creatures vanquished.

Vanquished Creatures (others)
  Prince Ribbit (D:6)
  A slave (D:6)
  A hound (D:6)
3 creatures vanquished.

Grand Total: 310 creatures vanquished

Notes
Turn   | Place    | Note
-------+----------+-------------------------------------------
     0 | D:1      | Gildeon the Minotaur Fighter began the quest for the Orb.
     0 | D:1      | Reached XP level 1. HP: 19/19 MP: 0/0
   321 | D:1      | Reached XP level 2. HP: 27/27 MP: 1/1
   392 | D:1      | Reached skill level 1 in Dodging
   758 | D:2      | Reached skill level 3 in Axes
   758 | D:2      | Reached XP level 3. HP: 33/33 MP: 2/2
   842 | D:2      | Found an iron altar of Okawaru.
   875 | D:2      | Became a worshipper of Warmaster Okawaru
  1351 | D:2      | Reached XP level 4. HP: 41/41 MP: 3/3
  1509 | D:3      | Noticed Terence
  1517 | D:3      | Killed Terence
  1567 | D:3      | Found a blossoming altar of Fedhas.
  1834 | D:3      | Reached XP level 5. HP: 25/47 MP: 4/4
  2367 | D:3      | Reached skill level 4 in Axes
  2473 | D:3      | Noticed Grinder
  2482 | D:3      | Killed Grinder
  2482 | D:3      | Reached * piety under Okawaru
  2482 | D:3      | Reached skill level 5 in Fighting
  2482 | D:3      | Reached skill level 5 in Axes
  2482 | D:3      | Reached skill level 5 in Armour
  2482 | D:3      | Reached XP level 6. HP: 22/56 MP: 5/5
  2924 | D:3      | Found an ornate altar of the Wu Jian Council.
  3075 | D:4      | Learned a level 1 spell: Confusing Touch
  3077 | D:4      | Learned a level 1 spell: Apportation
  3157 | D:4      | HP: 1/56 [orc priest/nerve-wracking pain (11)]
  3159 | D:4      | Reached skill level 1 in Invocations
  3159 | D:4      | Reached XP level 7. HP: 10/61 MP: 6/6
  3441 | D:4      | Found a snail-covered altar of Cheibriados.
  3601 | D:4      | Reached skill level 6 in Axes
  3837 | D:4      | Got a scorched trident
  3895 | D:4      | Found Cuiladi's Food Shoppe.
  3939 | D:4      | Found a staircase to the Ecumenical Temple.
  4137 | D:4      | Found a shattered altar of Ashenzari.
  4138 | D:4      | Found a basalt altar of Yredelemnul.
  4240 | D:5      | Entered Level 5 of the Dungeon
  4320 | D:5      | Identified the +9 trident "Yjideoh" {flame, Str+3 Dex+8} (You found it on level 4 of the Dungeon)
  4423 | D:5      | Reached skill level 1 in Translocations
  4685 | D:5      | Found a sparkling altar of Nemelex Xobeh.
  5015 | D:5      | Reached ** piety under Okawaru
  5379 | D:6      | Noticed an angel
  5380 | D:6      | Found a glowing silver altar of Zin.
  5380 | D:6      | Found a shimmering altar of Xom.
  5385 | D:6      | Reached skill level 1 in Hexes
  5385 | D:6      | Reached XP level 8. HP: 57/69 MP: 8/8
  5443 | D:6      | Reached skill level 7 in Axes
  5443 | D:6      | Reached skill level 1 in Spellcasting
  5490 | D:6      | Found a hide-covered altar of Uskayaw.
  5496 | D:6      | Noticed Prince Ribbit
  5539 | D:6      | Found a bloodstained altar of Trog.
  5587 | D:6      | Found a radiant altar of Vehumet.
  5679 | D:6      | Reached skill level 5 in Dodging
  5692 | D:6      | Reached skill level 8 in Axes
  5872 | D:6      | Found a runed door.
  5876 | D:6      | Noticed Crazy Yiuf
  5879 | D:6      | Killed Crazy Yiuf
  5928 | D:6      | Noticed Pikel
  5939 | D:6      | Killed Pikel
  5939 | D:6      | Reached *** piety under Okawaru
  5939 | D:6      | Reached skill level 10 in Axes
  5959 | D:6      | Reached XP level 9. HP: 63/74 MP: 9/9
  6047 | D:6      | Found a glowing drain.
  6421 | D:7      | Reached **** piety under Okawaru
  6522 | D:7      | Learned a level 3 spell: Ozocubu's Armour
  6653 | D:7      | Reached skill level 1 in Evocations
  6964 | D:6      | Killed Prince Ribbit
  6964 | D:6      | Reached skill level 11 in Axes
  6998 | D:8      | Reached skill level 1 in Charms
  7076 | D:8      | Gained mutation: You are partially covered in rugged brown scales. (AC +1, +3% HP) [potion of mutation]
  7076 | D:8      | Gained mutation: You are agile. (Dex +2) [potion of mutation]
  7076 | D:8      | Gained mutation: Scrolls take you a little longer to read. [potion of mutation]
  7076 | D:8      | Gained mutation: Your mind is acute. (Int +2) [potion of mutation]
  7140 | D:8      | Received a gift from Okawaru
  7169 | D:8      | Noticed a two-headed hydra
  7172 | D:8      | Killed a one-headed hydra
  7172 | D:8      | Reached ***** piety under Okawaru
  7172 | D:8      | Reached skill level 12 in Axes
  7172 | D:8      | Reached XP level 10. HP: 84/88 MP: 10/10
  7247 | D:8      | Found a runed door.
  7342 | D:8      | Noticed a two-headed ogre
  7354 | D:8      | Killed a two-headed ogre
  7398 | D:8      | Upgraded the game from 0.22-a0-482-g76e0a5f to 0.22-a0-512-g0943f25
  7429 | D:8      | Received a gift from Okawaru
  7753 | D:8      | Identified the Grimoire of Quantum Leap
  7763 | D:8      | Noticed a two-headed ogre
  7772 | D:8      | Killed a two-headed ogre
  7833 | D:8      | Found a runed door.
  7942 | D:8      | Reached skill level 13 in Axes
  7953 | D:8      | Noticed Erica
  7963 | D:8      | Noticed Joseph
  7968 | D:8      | Killed Erica
  7973 | D:8      | Noticed Maurice
  7992 | D:8      | Killed Joseph
  7992 | D:8      | Reached XP level 11. HP: 84/97 MP: 12/12
  8042 | D:8      | Killed Maurice
  8068 | D:8      | Lost mutation: Scrolls take you a little longer to read. [potion of mutation]
  8068 | D:8      | Lost mutation: You are agile. (Dex +2) [potion of mutation]
  8068 | D:8      | Lost mutation: You are partially covered in rugged brown scales. (AC +1, +3% HP) [potion of mutation]
  8068 | D:8      | Lost mutation: Your mind is acute. (Int +2) [potion of mutation]
  8068 | D:8      | Gained mutation: Your spells are a little easier to cast, but a little less powerful. [potion of mutation]
  8068 | D:8      | Gained mutation: You are partially covered in molten scales. (AC +2) [potion of mutation]
  8437 | D:8      | Noticed a two-headed ogre
  8445 | D:8      | Killed a two-headed ogre
  8892 | D:9      | Learned a level 2 spell: Shroud of Golubria
  8896 | D:9      | Learned a level 3 spell: Lesser Beckoning
  9222 | D:10     | Entered Level 10 of the Dungeon
  9268 | D:10     | Noticed Erolcha
  9275 | D:10     | Killed Erolcha
  9374 | D:10     | Reached skill level 14 in Axes
  9420 | D:10     | Found a staircase to the Lair.
  9602 | D:10     | Found Hoczaf's Gadget Emporium.
  9927 | Lair:1   | Entered Level 1 of the Lair of Beasts
 10088 | Lair:1   | Noticed an eight-headed hydra
 10101 | Lair:1   | Killed a one-headed hydra
 10101 | Lair:1   | Received a gift from Okawaru
 10144 | Lair:1   | Reached ****** piety under Okawaru
 10899 | Lair:2   | Noticed a six-headed hydra
 10911 | Lair:2   | Killed a one-headed hydra
 10911 | Lair:2   | Reached XP level 12. HP: 102/106 MP: 11/13
 10916 | Lair:2   | Learned a level 3 spell: Regeneration
 11038 | Lair:2   | Received a gift from Okawaru
 11038 | Lair:2   | Reached skill level 1 in Ice Magic
 11476 | Lair:2   | Reached skill level 10 in Armour
 11553 | Lair:2   | Reached skill level 10 in Fighting
 11736 | Lair:2   | Found a transporter.
 11762 | Lair:2   | Found a transporter.
 11802 | Lair:2   | Reached skill level 1 in Necromancy
 11803 | Lair:2   | Demolished by a wolf spider simulacrum

Vault maps used:
D:1:      minmay_arrival_pointy, grunt_decor_arrowhead, minmay_statues_item
D:2:      okawaru_altar_gauntlet_db
D:3:      lemuel_crystal_altar, nicolae_overflow_hidden_temple, first_ration,
          minmay_liquid_box, minmay_snake_closets, uniq_terence, uniq_grinder
D:4:      gammafunk_temple_overflow_statue, minmay_temple_entry_butterflies,
          serial_shops, nicolae_shop_behind_doors, cheibriados_altar_1
D:5:      lemuel_doored_altar
D:6:      grunt_temple_overflow_order_and_chaos_1, lemuel_round_altar,
          gup_sewer_entry_pipe, hangedman_feature_mirror,
          uniq_crazy_yiuf_cottage, uniq_prince_ribbit1, uniq_pikel
D:8:      cheibrodos_histonic, hangedman_ranch, uniq_maurice, uniq_erica,
          uniq_joseph
D:9:      kennysheep_kobold_camp
D:10:     dpeg_oklobed_lair, serial_shops, kennysheep_mini, uniq_erolcha
Lair:1:   serial_bayou_shore_b
Lair:2:   gammafunk_cloud_chamber

Skill      XL: |  1  2  3  4  5  6  7  8  9 10 11 12 |
---------------+-------------------------------------+-----
Dodging        | 1 2 3 4 5 6 7 9 |  9.2
Fighting       | 4 5 7 8 9 10 | 10.0
Armour         | 4 5 7 8 9 10 | 10.0
Axes           | 3 5 6 10 12 13 14 | 14.9
Invocations    | 1 2 3 |  3.0
Translocations | 1 2 |  2.0
Hexes          | 1 |  1.0
Spellcasting   | 1 |  1.3
Evocations     | 1 2 |  2.3
Charms         | 1 |  1.1
Ice Magic      | 1 |  1.0
Necromancy     | 1 |  1.0
Shields        | |  3.6

Action                   |  1- 3 |  4- 6 |  7- 9 | 10-12 || total
-------------------------+-------+-------+-------+-------++-------
Melee: War axe           |    77 |   131 |   215 |   144 ||   567
       Headbutt          |    12 |    10 |    44 |   109 ||   175
       Hand axe          |       |       |     2 |    26 ||    28
       Battleaxe         |       |       |       |   346 ||   346
Evoke: Wand              |       |       |       |    14 ||    14
  Use: Scroll            |       |     4 |    19 |     8 ||    31
       Potion            |       |     1 |     5 |     7 ||    13
 Stab: Paralysed         |       |       |       |     3 ||     3
  Eat: Chunk             |     1 |     3 |     9 |     8 ||    21
       Ration            |       |     1 |     1 |     3 ||     5
Armor: Scale mail        |    48 |    63 |    50 |       ||   161
       Plate armour      |       |       |    57 |   306 ||   363
       Skin              |       |       |       |    37 ||    37
Dodge: Dodged            |    74 |    76 |   115 |   200 ||   465

Table legend:
 A = Spawn XP
 B = Non-spawn XP
 C = Spawn XP percentage of total XP
 D = Spawn monster count
 E = Non-spawn monster count
 F = Spawn count percentage of total count
 G = Total turns spent on level
                    A         B        C        D         E        F      G
               +---------+---------+-------+---------+---------+-------+---------
         Total |       0 |   25034 |   0.0 |       0 |     290 |   0.0 | 11803
               +---------+---------+-------+---------+---------+-------+---------
           D:1 |       0 |      40 |   0.0 |       0 |      22 |   0.0 |   750
           D:2 |       0 |      57 |   0.0 |       0 |      19 |   0.0 |   735
           D:3 |       0 |     524 |   0.0 |       0 |      34 |   0.0 |  1543
           D:4 |       0 |     340 |   0.0 |       0 |      19 |   0.0 |  1249
           D:5 |       0 |     404 |   0.0 |       0 |      14 |   0.0 |  1095
           D:6 |       0 |    1932 |   0.0 |       0 |      35 |   0.0 |  1075
           D:7 |       0 |     612 |   0.0 |       0 |       9 |   0.0 |   543
           D:8 |       0 |    8951 |   0.0 |       0 |      46 |   0.0 |  1515
           D:9 |       0 |    1341 |   0.0 |       0 |      41 |   0.0 |   717
          D:10 |       0 |    2544 |   0.0 |       0 |      16 |   0.0 |   705
        Lair:1 |       0 |    4061 |   0.0 |       0 |      18 |   0.0 |   957
        Lair:2 |       0 |    4228 |   0.0 |       0 |      17 |   0.0 |   919
               +---------+---------+-------+---------+---------+-------+---------
